Match 45614698
Unlisted

Match 45614698
End
Scout Squad
Construct Barracks
Selects Advanced Infantry Battlegroup
Riflemen Squad
Riflemen Squad
Riflemen Squad
Construct Medical Station
Grenade Package
Selects Artillery Observers
Infantry Support Center
Construct Motor Pool
M8 Greyhound Armored Car
Engineer Squad
M1918 Browning Automatic Rifles
Captain Retinue
M8 Greyhound Armored Car
M8 Greyhound Armored Car
Selects M2A1 105mm Howitzer Emplacement
Selects Free Fire Drills
Selects Convert to Ranger Squad
Selects Designate Assault Position
Riflemen Squad
M1 Anti-tank Gun Team
M1 Anti-tank Gun Team
Convert to Ranger Squad
Engineer Squad
M24 Chaffee Light Tank
Menty
Soud
Ermac
DanceFKRdance
0
0

Comments sign in to comment!

No comments posted yet!